 Dungeon Crawl Stone Soup version 0.23.1 (webtiles) character file.

Game seed: 17692235776956390098

3506 Yunesin the Cleaver (level 9, 0/79 HPs)
             Began as a Minotaur Berserker on Mar 13, 2019.
             Was a High Priest of Trog.
             Killed from afar by an ice statue (11 damage)
             ... with a freezing blast
             ... on level 7 of the Dungeon.
             The game lasted 00:32:11 (6018 turns).

Yunesin the Cleaver (Minotaur Berserker)            Turns: 6018, Time: 00:32:11

Health: 0/79       AC: 13    Str: 25    XL:     9   Next: 80%
Magic:  8/8        EV: 13    Int:  4    God:    Trog [*****.]
Gold:   352        SH:  5    Dex: 13    Spells: 8/8 levels left

rFire    . . .     SeeInvis .   f - +2 hand axe (venom)
rCold    . . .     Gourm    .   l - +0 buckler
rNeg     . . .     Faith    .   h - +0 chain mail
rPois    .         Spirit   .   (helmet restricted)
rElec    .         Reflect  .   A - +0 cloak
rCorr    .         Harm     .   (no gloves)
MR       .....                  i - +0 pair of boots
Stlth    ..........             (no amulet)
HPRegen  0.23/turn              q - +3 ring of strength
MPRegen  0.11/turn              n - +3 ring of evasion

@: flying
A: retaliatory headbutt, horns 2
a: Berserk, Trog's Hand, Brothers in Arms, Renounce Religion


You were on level 7 of the Dungeon.
You worshipped Trog.
Trog was extremely pleased with you.
You were not hungry.

You visited 2 branches of the dungeon, and saw 8 of its levels.
You also visited: Ossuary.

You collected 352 gold pieces.

Inventory:

Hand Weapons
 a - a +0 hand axe
 f - a +2 hand axe of venom (weapon)
 t - a +0 broad axe
Missiles
 o - 127 stones (quivered)
Armour
 h - a +0 chain mail (worn)
 i - a +0 pair of boots (worn)
 l - a +0 buckler (worn)
 A - a +0 cloak (worn)
Jewellery
 b - an uncursed ring of wizardry
 n - a +3 ring of evasion (right hand)
 q - a +3 ring of strength (left hand)
 v - an uncursed amulet of guardian spirit {unknown}
Wands
 s - a wand of iceblast (12)
 u - a wand of paralysis (10)
 y - a wand of clouds (5)
 z - a wand of enslavement (7)
Scrolls
 j - 2 scrolls of noise
 k - 2 scrolls of identify
 m - 7 scrolls of teleportation
 p - 2 scrolls of fear
 r - 3 scrolls of remove curse
 x - 2 scrolls of vulnerability {unknown}
 B - a scroll of fog {unknown}
Potions
 d - a potion of flight
 e - 5 potions of curing
 g - a potion of cancellation {unknown}
 w - 3 potions of might {unknown}
 C - a potion of brilliance {unknown}
Comestibles
 c - 7 rations


   Skills:
 + Level 7.0 Fighting
 * Level 13.4 Axes
 + Level 6.7 Armour
 + Level 3.4 Dodging
 + Level 3.4 Shields


You had 8 spell levels left.
You didn't know any spells.
Your spell library contained the following spells:

 Spells                   Type           Power        Failure   Level  Hunger
 Magic Dart               Conj           #...         98%         1    ##.....
 Blink                    Tloc           N/A          99%         2    ###....
 Call Imp                 Summ           #.......     99%         2    ###....
 Slow                     Hex            #.......     99%         2    ###....
 Conjure Flame            Conj/Fire      #.......     100%        3    ####...
 Mephitic Cloud           Conj/Pois/Air  #.......     100%        3    ####...


Dungeon Overview and Level Annotations

Branches:
Dungeon (7/15)             Temple (1/1) D:6

Altars:
Ashenzari
Cheibriados
Elyvilon
Fedhas
Gozag
Hepliaklqana
Kikubaaqudgha
Makhleb
Nemelex Xobeh
Okawaru
Qazlal
Ru
Sif Muna
Trog
Uskayaw
Vehumet
Wu Jian
Xom
Yredelemnul
Zin

Annotations:
D:7 exclusion: ice statue


Innate Abilities, Weirdness & Mutations

You reflexively headbutt those who attack you in melee.
You have a pair of horns on your head.


Message History

You slash the ice beast!
The ice beast is severely wounded.
You are engulfed in freezing vapours.
The ice beast barely misses you.
All of the chunks of flesh in your inventory have rotted away.
You slash the ice beast!
You kill the ice beast!
You are engulfed in freezing vapours.
No reachable target in view!
You feel very buoyant.
You fly up into the air.
You are engulfed in freezing vapours.
The ice statue gestures.
You are engulfed in freezing vapours.
* * * LOW HITPOINT WARNING * * *
The ice statue gestures at you. The shard of ice hits you.
* * * LOW HITPOINT WARNING * * *
Found 74 gold pieces.
The ice statue gestures at you. The freezing blast engulfs you!
You die...

....)............................
##..#............................
##..#(####################..#####
....#.# ################ #..#
......# #⌠.....≈≈≈....$$ #..#
.....####......≈≈≈....$$ #..#
...#.###....°○.°8≈...$$) #..#####
...#..##......°≈≈≈.^..$$ #.......
...##.##.⌠..°°○Y@≈....$$ #..#####
...##....############### #..#
...###.### ##############..#
...###.## #...............#
........# #.#############.#
......#.# ###'########### #.#
...[..#.# #.............# #.#####
#######.###.............# #......
#######..##.............#######.#


You could see an ice statue and an ice beast.

Vanquished Creatures
  A two-headed ogre (D:7)
  Pikel (D:7)
  Prince Ribbit (D:7)
  A hippogriff (D:7)
  Sigmund (D:6)
  Eustachio (D:6)
  Menkaure (D:7)
  A slave (D:7)
  An ice beast (D:7)
  A sky beast (D:7)
  2 centaurs (D:7)
  An ogre (D:5)
  An elf zombie (Ossuary)
  2 bullfrogs
  Blork the orc (D:4)
  A scorpion (D:4)
  4 howler monkeys
  A crimson imp (D:7)
  A quasit (D:5)
  A human zombie (Ossuary)
  4 orc priests
  2 hounds
  A bullfrog skeleton (D:7)
  2 jellies
  3 orc wizards
  Terence (D:2)
  2 hound skeletons
  3 mummies
  10 adders
  A shadow imp (D:6)
  An ooze (D:5)
  4 adder zombies (Ossuary)
  An adder skeleton (D:5)
  5 worms
  2 dart slugs
  3 leopard geckos
  17 orcs
  A ball python (D:7)
  5 bats
  4 giant cockroaches
  10 goblins
  5 hobgoblins
  4 jackals (D:2)
  9 kobolds
  A quokka (D:4)
  2 frilled lizards
  2 goblin zombies (D:6)
  9 hobgoblin zombies (Ossuary)
  2 jackal zombies (Ossuary)
  12 kobold zombies (Ossuary)
  A leopard gecko skeleton (D:6)
  6 orc zombies (Ossuary)
  A quokka skeleton (D:3)
  A rat (D:2)
  2 rat zombies (Ossuary)
164 creatures vanquished.

Notes
Turn   | Place    | Note
-------+----------+-------------------------------------------
     0 | D:1      | Yunesin the Minotaur Berserker began the quest for the Orb.
     0 | D:1      | Reached XP level 1. HP: 19/19 MP: 0/0
   257 | D:1      | Reached XP level 2. HP: 27/27 MP: 1/1
   517 | D:1      | Reached skill level 4 in Axes
   940 | D:2      | Found a snail-covered altar of Cheibriados.
   940 | D:2      | Noticed Terence
   951 | D:2      | Killed Terence
   951 | D:2      | Reached XP level 3. HP: 34/34 MP: 2/2
  1097 | D:2      | Reached ** piety under Trog
  1097 | D:2      | Reached XP level 4. HP: 34/41 MP: 3/3
  1367 | D:2      | Reached skill level 5 in Axes
  1595 | D:2      | Reached XP level 5. HP: 45/47 MP: 4/4
  1914 | D:3      | Found a blossoming altar of Fedhas.
  2554 | D:4      | Reached skill level 6 in Axes
  2693 | D:4      | Reached *** piety under Trog
  2693 | D:4      | Reached XP level 6. HP: 55/55 MP: 5/5
  2707 | D:4      | Reached skill level 5 in Fighting
  2726 | D:4      | Noticed Blork the orc
  2736 | D:4      | Killed Blork the orc
  2736 | D:4      | Reached skill level 7 in Axes
  3079 | D:5      | Entered Level 5 of the Dungeon
  3228 | D:5      | Reached XP level 7. HP: 46/61 MP: 6/6
  3715 | D:5      | Found a hazy altar of Hepliaklqana.
  3775 | D:5      | Found a burning altar of Makhleb.
  3888 | D:5      | Reached skill level 8 in Axes
  3888 | D:5      | Reached skill level 1 in Shields
  4010 | D:6      | Found a staircase to the Ecumenical Temple.
  4019 | D:6      | Noticed Eustachio
  4034 | D:6      | Killed Eustachio
  4034 | D:6      | Reached skill level 9 in Axes
  4034 | D:6      | Reached skill level 5 in Armour
  4105 | D:6      | Noticed Sigmund
  4121 | D:6      | Killed Sigmund
  4121 | D:6      | Reached XP level 8. HP: 62/69 MP: 7/7
  4193 | D:6      | Reached **** piety under Trog
  4285 | D:6      | Found a sand-covered staircase.
  4296 | Ossuary  | Entered an ossuary
  4417 | Ossuary  | Reached skill level 10 in Axes
  4426 | Ossuary  | Reached ***** piety under Trog
  4806 | Temple   | Entered the Ecumenical Temple
  4904 | D:7      | Noticed an ice statue
  5187 | D:7      | Noticed a hippogriff
  5196 | D:7      | Killed a hippogriff
  5196 | D:7      | Reached skill level 11 in Axes
  5235 | D:7      | Noticed a two-headed ogre
  5241 | D:7      | Killed a two-headed ogre
  5241 | D:7      | Reached skill level 12 in Axes
  5241 | D:7      | Reached XP level 9. HP: 64/78 MP: 8/8
  5251 | D:7      | Noticed Menkaure
  5257 | D:7      | Killed Menkaure
  5293 | D:7      | Noticed Pikel
  5307 | D:7      | Killed Pikel
  5375 | D:7      | Reached skill level 13 in Axes
  5475 | D:7      | Noticed Prince Ribbit
  5482 | D:7      | Killed Prince Ribbit
  6018 | D:7      | Killed from afar by an ice statue

Skill      XL: |  1  2  3  4  5  6  7  8  9 |
---------------+----------------------------+-----
Fighting       | 4 5 6 7 |  7.0
Axes           | 4 5 6 7 9 12 13 | 13.4
Armour         | 3 4 5 6 |  6.7
Shields        | 1 3 |  3.4
Dodging        | 3 |  3.4

Action                   |  1- 3 |  4- 6 |  7- 9 || total
-------------------------+-------+-------+-------++-------
Melee: Hand axe          |    62 |   143 |   237 ||   442
       Headbutt          |    16 |    38 |    60 ||   114
Invok: Berserk           |       |       |     2 ||     2
  Use: Scroll            |       |     6 |       ||     6
       Potion            |       |     3 |     4 ||     7
  Eat: Chunk             |     1 |     6 |     8 ||    15
       Ration            |       |       |     1 ||     1
Armor: Animal skin       |     5 |       |       ||     5
       Chain mail        |    27 |    52 |    53 ||   132
Dodge: Dodged            |    30 |    59 |    92 ||   181
Block: Buckler           |       |    19 |    24 ||    43
